Map: Torri del crepuscolo

Players

Jhyrachy

  • Race: Zerg Zerg
  • League: Silver

hohan - Winner!

  • Race: Protoss Protoss
  • League: Gold

VOD

Have the link to the VOD?

Description

Time

  • Played on: Jan. 10, 2016, 8:22 a.m.
  • Length: 24:43
Show
View Real Time Build Order
Export as new Build Order

Jhyrachy Zerg 

Build Orders: Hatch First, Lurkers 

Get SALT Encoding   

  12  0:02  Drone  
  13  0:13  Drone  
  14  0:18  Overlord  
  14  0:37  Drone x3  
  17  0:58  Hatchery, Drone  
  17  1:03  Extractor, Drone  
  17  1:18  Spawning Pool  
  17  1:19  Drone  
  17  1:23  Drone  
  18  1:33  Drone  
  19  1:49  Overlord  
  19  2:10  Metabolic Boost  
  19  2:11  Queen  
  19  2:13  Queen  
  23  2:16  Zergling x4  
  23  2:17  Drone x2  
  27  2:40  Drone  
  27  2:41  Drone x3  
  31  3:30  Queen x2  
  35  3:34  Zergling x2  
  36  4:00  Overlord x3  
  33  4:26  Zergling x2  
  33  4:27  Zergling x26  
  47  4:31  Queen  
  47  4:33  Queen  
  51  4:54  Drone  
  51  4:55  Drone x7  
  56  5:19  Lair  
  55  5:45  Hatchery  
  54  6:25  Evolution Chamber  
  53  6:33  Overseer  
  53  6:36  Extractor  
  53  6:38  Extractor  
  51  6:44  Extractor  
  50  6:50  Hydralisk Den  
  49  7:07  Drone x2  
  49  7:08  Drone  
  52  7:09  Drone x3  
  52  7:10  Drone  
  52  7:11  Drone x3  
  59  7:36  Muscular Augments  
  59  7:38  Zerg Missile Weapons Level 1  
  49  8:36  Spire  
  48  8:41  Drone x3  
  48  8:42  Drone x5  
  48  8:43  Drone x3  
  48  8:44  Drone x5  
  48  8:46  Overlord x4  
  48  8:47  Overlord  
  64  9:09  Extractor  
  63  9:17  Overseer  
  63  9:25  Lurker Den  
  63  9:32  Hydralisk x10  
  63  9:33  Hydralisk x7  
  63  9:38  Drone x3  
  100  9:39  Drone  
  100  9:40  Drone x2  
  100  9:43  Extractor  
  100  9:44  Pneumatized Carapace  
  102  9:45  Drone  
  102  9:46  Drone x2  
  102  9:52  Overseer  
  105  10:06  Hatchery  
  105  10:07  Zerg Missile Weapons Level 2  
  104  10:18  Queen  
  106  10:48  Queen  
  102  11:00  Mutalisk, Hydralisk  
  102  11:01  Hydralisk x7  
  106  11:05  Overlord  
  106  11:06  Overlord x3  
  106  11:32  Lurker x5  
  80  12:14  Hydralisk x13  
  80  12:15  Hydralisk x8  
  84  13:10  Hydralisk  
  84  13:11  Hydralisk x17  
  120  13:19  Queen  
  122  13:30  Hatchery  
  121  14:01  Queen  
  123  14:13  Mutalisk  
  123  14:14  Mutalisk x2  
  129  14:17  Overlord x4  
  129  14:42  Queen  
  131  15:01  Overseer  
  129  15:33  Extractor  
  129  15:34  Extractor  
  127  15:44  Zerg Ground Armor Level 1  
  127  15:50  Hatchery  
  126  16:00  Mutalisk x9  
  126  16:01  Mutalisk x12  
  168  16:04  Overlord x2  
  168  16:05  Overlord x2  
  164  16:50  Drone x6  
  170  17:20  Hatchery  
  169  17:24  Lurker x7  
  169  17:25  Lurker  
  143  19:14  Mutalisk  
  143  19:15  Mutalisk x13  
  102  21:14  Hatchery  
  101  21:38  Hatchery  
  101  21:40  Drone x2  
  100  22:07  Mutalisk  
  100  22:08  Mutalisk x11  
  102  22:14  Zerg Flyer Weapons Level 1  
  124  22:20  Zerg Ground Armor Level 2  
  124  22:26  Hatchery  
  123  23:12  Extractor  
  92  24:04  Hatchery  
Show
View Real Time Build Order
Export as new Build Order

hohan Protoss - Winner!

Build Orders:  

Get SALT Encoding   

  12  0:01  Probe (Chrono Boost)  
  13  0:12  Probe (Chrono Boost)  
  14  0:23  Pylon  
  14  0:24  Probe (Chrono Boost)  
  15  0:42  Gateway  
  15  0:45  Assimilator, Probe (Chrono Boost)  
  16  0:55  Probe (Chrono Boost)  
  17  1:06  Probe (Chrono Boost)  
  18  1:16  Probe (Chrono Boost)  
  19  1:27  Probe (Chrono Boost)  
  19  1:29  Cybernetics Core  
  20  1:35  Assimilator  
  20  1:37  Probe (Chrono Boost)  
  21  1:48  Probe (Chrono Boost)  
  21  1:51  Pylon  
  22  1:58  Probe (Chrono Boost)  
  23  2:12  Stalker  
  23  2:15  Mothership Core (Chrono Boost)  
  27  2:16  Warp Gate  
  27  2:23  Pylon  
  27  2:33  Probe (Chrono Boost)  
  28  2:39  Gateway  
  28  2:47  Pylon  
  27  2:59  Sentry (Chrono Boost)  
  29  3:12  Nexus  
  29  3:15  Probe  
  30  3:27  Gateway  
  30  3:29  Gateway  
  30  3:31  Probe  
  31  3:52  Pylon  
  31  4:01  Pylon  
  31  4:07  Pylon  
  31  4:11  Stalker (Chrono Boost)  
  31  4:14  Pylon  
  31  4:15  Stalker (Chrono Boost)  
  35  4:19  Probe  
  36  4:27  Pylon  
  36  4:28  Pylon  
  38  4:31  Probe  
  38  4:32  Probe  
  40  4:41  Pylon  
  40  4:43  Probe x2  
  40  4:54  Probe  
  40  4:55  Probe  
  42  5:17  Zealot x2  
  42  5:18  Zealot x2  
  50  5:23  Pylon  
  50  5:25  Probe  
  50  5:26  Probe  
  51  5:32  Pylon  
  51  5:36  Phoenix  
  51  5:38  Probe  
  52  5:45  Sentry x4  
  52  5:47  Probe  
  61  5:51  Probe  
  62  5:57  Probe  
  62  6:03  Probe  
  64  6:08  Probe  
  65  6:12  Assimilator  
  65  6:13  Assimilator  
  65  6:23  Robotics Facility x2  
  65  6:33  Probe  
  65  6:35  Probe  
  65  6:39  Twilight Council  
  67  6:47  Probe  
  67  6:49  Zealot x2  
  67  6:50  Gateway  
  67  6:51  Gateway  
  67  6:52  Zealot x2  
  76  6:54  Gateway  
  76  6:58  Probe  
  76  7:00  Probe  
  78  7:12  Probe  
  78  7:14  Probe  
  79  7:18  Charge (Chrono Boost)  
  80  7:24  Probe  
  80  7:28  Probe  
  82  8:06  Pylon  
  82  8:07  Pylon  
  82  8:09  Pylon  
  82  8:17  Phoenix  
  82  8:18  Pylon  
  82  8:19  Robotics Bay, Pylon  
  81  8:21  Pylon  
  81  8:24  Probe  
  81  8:35  Zealot x6  
  81  8:40  Nexus  
  93  8:58  Probe  
  93  8:59  Probe  
  95  9:11  Forge, Probe  
  95  9:12  Forge, Stalker x7  
  110  9:19  Disruptor x2  
  116  9:26  Pylon  
  116  9:28  Pylon  
  116  9:36  Sentry x3  
  116  9:37  Sentry x2  
  126  9:39  Protoss Ground Weapons Level 1 (Chrono Boost)  
  126  9:43  Pylon  
  126  9:47  Pylon  
  126  9:50  Protoss Ground Armor Level 1 (Chrono Boost)  
  126  9:57  Disruptor x2  
  132  10:18  Blink (Chrono Boost)  
  132  10:24  Assimilator  
  132  10:30  Assimilator  
  132  10:32  Stalker x4  
  132  10:33  Pylon  
  140  10:35  Disruptor  
  139  11:02  Disruptor  
  142  11:11  Disruptor  
  145  11:38  Disruptor  
  134  11:47  Warp Prism  
  111  12:13  Warp Prism  
  111  12:19  Stalker x3  
  111  12:20  Sentry x2, Stalker x2  
  125  12:23  Observer  
  122  12:44  Observer  
  96  13:03  Stalker  
  96  13:04  Stalker x2  
  96  13:05  Stalker  
  104  13:06  Sentry x3  
  110  13:13  Protoss Ground Weapons Level 2  
  110  13:22  Pylon  
  110  13:23  Pylon  
  110  13:25  Photon Cannon, Pylon  
  110  13:27  Photon Cannon  
  110  13:29  Nexus  
  109  13:46  Pylon  
  109  13:48  Pylon  
  109  13:53  Gateway  
  109  13:58  Gateway  
  109  14:00  Gateway, Stalker x7  
  109  14:02  Gateway  
  123  14:04  Protoss Ground Armor Level 2, Gateway  
  123  14:06  Gateway  
  123  14:22  Pylon  
  123  14:24  Pylon  
  123  14:28  Zealot x7  
  137  15:02  Zealot x5  
  137  15:03  Zealot x2  
  135  15:30  Probe x2  
  135  15:31  Probe  
  135  15:32  Probe  
  135  15:34  Assimilator  
  139  15:35  Assimilator  
  139  15:37  Pylon  
  139  15:38  Stalker  
  139  15:39  Pylon, Stalker x5  
  139  15:40  Probe, Stalker  
  154  16:10  Stalker  
  154  16:11  Stalker x6  
  164  16:53  Protoss Ground Weapons Level 3  
  164  16:58  Stalker  
  164  16:59  Stalker x4  
  164  17:00  Stalker  
  176  17:15  Protoss Ground Armor Level 3  
  176  17:21  Disruptor x2  
  182  17:46  Stalker x4  
  182  17:47  Stalker x5  
  182  18:51  Stalker  
  182  18:52  Stalker x6  
  192  19:26  Pylon  
  192  19:28  Pylon  
  157  20:53  Stalker x4  
  157  20:54  Stalker x5  
  157  20:55  Disruptor  
  157  20:56  Disruptor  
  181  21:31  Disruptor x2  
  187  21:33  Pylon  
  187  21:35  Pylon  
  187  21:38  Pylon  
  187  22:05  Nexus  
  187  22:07  Observer  
  187  22:08  Observer  
  189  22:11  Stalker x5  
  199  22:22  Probe  
  200  22:36  Pylon  
  197  23:54  Stalker  
  184  24:14  Robotics Facility  
  178  24:17  Stalker x6  
  178  24:18  Stalker x3  
Tags
 
Add a new tag
Caveats
  • Supply blocks, unpowered buildings, or Contaminate may cause inaccurate times.
  • Supply counts are checked every 10 seconds.